 Dungeon Crawl Stone Soup version 0.27-a0-988-g25969acef8 (webtiles) character file.

Game seed: 9881801418591073731

22 Craquet the Sneak (level 2, 0/22 HPs)
             Began as a Vampire Brigand on Apr 15, 2021.
             Slain by Sigmund
             ... wielding a +0 scythe
              (8 damage)
             ... on level 2 of the Dungeon.
             The game lasted 00:06:54 (895 turns).

Craquet the Sneak (Vampire Brigand)                  Turns: 895, Time: 00:06:55

Health: 0/22       AC:  7    Str: 10    XL:     2   Next: 68%
Magic:  2/2        EV: 12    Int: 13    God:
Gold:   22         SH:  0    Dex: 15    Spells: 1/1 levels left

rFire    . . .     SeeInvis +   a - +2 dagger
rCold    . . .     Faith    .   (no shield)
rNeg     . . .     Spirit   .   b - +0 robe
rPois    .         Reflect  .   (no helmet)
rElec    .         Harm     .   c - +0 cloak
rCorr    .         Rampage  .   (no gloves)
Will     .....                  (no boots)
Stlth    +++.......             f - amulet of the acrobat
HPRegen  0.27/turn              j - +4 ring of protection
MPRegen  0.08/turn              (no ring)

@: regenerating quickly
A: alive, fangs 3, see invisible, unbreathing 1, vampiric 1
a: Exsanguinate


You were on level 2 of the Dungeon.
You visited 1 branch of the dungeon, and saw 2 of its levels.

You collected 22 gold pieces.

Inventory:

Hand Weapons
 a - a +2 dagger (weapon)
 i - a +0 dagger
Missiles
 d - 7 poisoned darts (quivered)
 e - 2 curare-tipped darts
Armour
 b - a +0 robe (worn)
 c - a +0 cloak (worn)
Jewellery
 f - an amulet of the acrobat (around neck)
 j - a +4 ring of protection (left hand)
Scrolls
 k - a scroll of immolation {unknown}
Potions
 g - a potion of lignification {unknown}
 h - a potion of ambrosia {unknown}


   Skills:
 + Level 2.0 Fighting
 * Level 2.5 Short Blades
 + Level 1.5 Throwing
 * Level 1.2 Dodging
 * Level 6.7 Stealth


You had one spell level left.
You didn't know any spells.
Your spell library was empty.

Dungeon Overview and Level Annotations

Branches:
Dungeon (2/15)

Altars:

Annotations:
D:2 Sigmund


Innate Abilities, Weirdness & Mutations

Your natural rate of healing is unusually fast.
You have razor-sharp teeth.
You have supernaturally acute eyesight. (SInv)
You can survive without breathing.
You are afflicted with vampirism.


Message History

You are frozen.
You hit the endoplasm.
You kill the endoplasm!
There is an open door here.
A frilled lizard and Sigmund come into view.
What are your orders? t - Shout!
Orders for allies: a - Attack new target. r - Retreat! s - Stop attacking. g - Guard the area. f - Follow me.
Anything else - Cancel.
Okay, then.
Okay, then.
Throw: 8 darts (poison)
Press: ? - help, Q - select action, (/) - cycle Shift-Dir - straight line, f - Sigmund
Aim: Sigmund, wielding a +0 scythe and wearing a +0 robe (asleep, 98% to hit)
You throw a poisoned dart. The poisoned dart hits Sigmund.
Sigmund is poisoned.
Sigmund shouts!
The adder hisses angrily.
The frilled lizard hisses angrily.
You barely miss the adder. The adder bites you but does no damage.
You closely miss the adder. The adder bites you. Sigmund says, "I'm your fate."
Sigmund hits you but does no damage.
You miss the adder. Your bite misses the adder.
The adder bites you but does no damage.
You hit the adder but do no damage. Sigmund hits you but does no damage.
The adder misses you.
You hit the adder.
The adder is heavily wounded.
The adder bites you but does no damage.
Sigmund hits you from afar with a +0 scythe.
You closely miss the adder.
The adder is heavily wounded.
The adder barely misses you.
Sigmund hits you from afar with a +0 scythe!
You hit the adder. You bite the adder.
You kill the adder!
Sigmund looks more healthy.
Sigmund hits you from afar with a +0 scythe!
You die...

#.......#####.#..#....#
+.###..## #..........
#..# ###.......# ....#
#.......#.# ##.###
#.###.### .. #........
### ####.....###
#..'..l..# #.##.@.@.#
.. #.###..# #.. #.#
..... ..< ..# .......
## .### .(..... #.
#l.#### # #.# ..


You could see Sigmund and a frilled lizard.

Vanquished Creatures
  An adder (D:2)
  2 endoplasms
  A goblin (D:1)
  4 hobgoblins
  3 kobolds (D:1)
  A quokka (D:1)
  3 ball pythons (D:1)
  2 bats (D:1)
  2 frilled lizards (D:1)
  3 rats (D:1)
22 creatures vanquished.

Notes
Turn   | Place    | Note
-------+----------+-------------------------------------------
     0 | D:1      | Craquet the Vampire Brigand began the quest for the Orb.
     0 | D:1      | Reached XP level 1. HP: 16/16 MP: 1/1
    31 | D:1      | Reached skill level 6 in Stealth
   163 | D:1      | Reached XP level 2. HP: 22/22 MP: 2/2
   885 | D:2      | Noticed Sigmund
   895 | D:2      | Slain by Sigmund

Illustrated notes

Levels and vault maps discovered:
D:1:      lightli_arrival_lavapool, layout_loops_ring
D:2:      layout_basic, uniq_robin, uniq_sigmund

Skill      XL: |  1  2 |
---------------+-------+-----
Stealth        | 6 |  6.7
Fighting       | 2 |  2.0
Short Blades   | |  2.5
Throwing       | |  1.5
Dodging        | |  1.2

Action                   || total
-------------------------++-------
Melee: Dagger            ||    44
       Bite              ||     4
Throw: Dart              ||     1
 Stab: Sleeping          ||     9
Armor: Robe              ||     8
Dodge: Dodged            ||    17

Table legend: (Time is in decaauts)
 A = Elapsed time spent in this place.
 B = Non-inter-level travel time spent in this place.
 C = Inter-level travel time spent in this place.
 D = Time resting spent in this place.
 E = Time spent auto-exploring this place.
 F = Levels seen in this place.
 G = Mean time per level.
                   A        B        C        D        E       F      G
               +--------+--------+--------+--------+--------+-----+--------+
         Total |    888 |    801 |     87 |      2 |    443 |   2 |  444.0 |
       Dungeon |    888 |    801 |     87 |      2 |    443 |   2 |  444.0 |
               +--------+--------+--------+--------+--------+-----+--------+

Top non-repeatable levels by time:
     D:1: 850 daAuts
     D:2: 38 daAuts
